Golden Knights vs Kraken

Created - 20 décembre 2023 at 17:00

Goals
1 2 3 OT1 SO T
Golden Knights 2 2 0 0 1 5
Kraken 2 0 2 0 0 4
Shots
1 2 3 OT1 SO T
Golden Knights 15 9 13 0 3 37
Kraken 15 16 13 0 3 44

GoalsPenalties
1st period
1. Kraken , Cole Caufield 5 (Brandon Montour 15) at 2:25
2. Golden Knights , Jaycob Megna 2 (Tyler Johnson 7, Phil Kessel 6) at 6:34
3. Kraken , Jonathan Marchessault 9 (Luke Evangelista 7, Kris Letang 15) at 12:03
4. Golden Knights , Phil Kessel 7 (Tyler Johnson 8, Ryan Pulock 4) at 14:59
2nd period
5. Golden Knights , Brock Boeser 12 (Evgeni Malkin 21, Johnathan Kovacevic 6) at 11:35
6. Golden Knights , Joel Kiviranta 4 (Jake Evans 9, Mackenzie MacEachern 5) at 13:18
Erik Haula (SEA) for Interference (Minor) at 13:57
3rd period
7. Kraken , Jordan Kyrou 8 (Jonathan Marchessault 7, Matias Maccelli 10) at 13:11 (PP)
8. Kraken , Luke Evangelista 5 (Jesperi Kotkaniemi 9, Jonathan Marchessault 8) at 16:03
Johnathan Kovacevic (VGK) for Roughing (Double Minor) at 10:57
Overtime #1
No Goal
Shootout
Golden Knights, Evgeni Malkin - Goal!
Kraken, Kirill Kaprizov - Shot Misses the Net
Golden Knights, Brock Boeser - Stopped by Laurent Brossoit
Kraken, Jack Hughes - Stopped by Lukas Dostal
Golden Knights, Matthew Boldy - Stopped by Laurent Brossoit
Kraken, Jordan Kyrou - Shot Misses the Net
Goalie Stats
Lukas Dostal (VGK), 40 saves from 44 shots - (0,909), W, 4-3-2, 65:00 minutes
Laurent Brossoit (SEA), 33 saves from 37 shots - (0,892), OTL, 4-2-2, 65:00 minutes
3 StarsOfficial
1 - Jonathan Marchessault (SEA)
2 - Phil Kessel (VGK)
3 - Jaycob Megna (VGK)
Referees : Stephen Hiff and Adam Bloski
Linesman : Pierre Racicot and Steven Berry
Game Note
No Game Note
Finance
Level 1 -- Attendance: 5415 (90,25%) -- Ticket Income $541,500
Level 2 -- Attendance: 4733 (94,66%) -- Ticket Income $283,980
Level 3 -- Attendance: 2000 (100,00%) -- Ticket Income $70,000
Level 4 -- Attendance: 4000 (100,00%) -- Ticket Income $80,000
Luxury Box -- Attendance: 1000 (100,00%) -- Ticket Income $200,000
Game was played at the Hellgates Center.
Total Attendance: 17148 (95,27%)
Total Ticket Income: $1,175,480
Other Income: $575,985
Total Income: $1,751,465



Team Name Goals Shots Shots Attemp Shots Blocked PIM HIT PP PK FO%
Golden Knights 53769164180 / 1 (0%)160%
Kraken 44484132231 / 2 (50%)040%

Golden Knights
Player Name POS G A P +/- PIM HIT SHT SB MP PP MP PP SHT PK MP PK SHT FO% FOT GA TA
Adam BoqvistD0000010014:270:0000:0000% 000
Blake ColemanC/LW/RW000-3005019:130:4600:0000% 110
Brock BoeserRW1011004121:381:1301:14050% 210
Derek StepanC/LW/RW0002010011:240:0000:00025% 400
Evgeni MalkinC/LW/RW0111011020:591:1300:28067% 1800
Gustav LindstromD000000005:460:0000:1300% 001
Jacob BrysonD0000000213:150:0001:0300% 001
Jake EvansC/RW0111001110:460:0001:14025% 410
Jaycob MegnaD1012032124:350:3701:1600% 001
Joel KivirantaLW/RW1011011010:040:0000:0000% 000
Johnathan KovacevicD0112422317:450:3700:0000% 000
Mackenzie MacEachernLW011100009:320:0000:0000% 021
Matthew BoldyLW/RW0001006220:421:1310:320100% 110
Nic DowdC000-3012019:100:4600:00067% 2400
Nick LeddyD000-1021323:471:2200:5800% 001
Ondrej PalatLW/RW000-3022118:360:4600:000100% 110
Phil KesselRW1122005012:160:0000:2800% 001
Ryan PulockD011-1032225:241:2200:5810% 002
Tyler JohnsonC/LW/RW0222013013:260:0000:3200% 010
Kraken
Player Name POS G A P +/- PIM HIT SHT SB MP PP MP PP SHT PK MP PK SHT FO% FOT GA TA
Brandon MontourD011-1015323:100:4100:0000% 002
Cole CaufieldLW/RW1010021018:090:4200:0000% 100
Conor ShearyC/LW/RW0000003011:410:0001:0800% 010
Danton HeinenC/LW/RW000000009:420:0000:0000% 010
Erik HaulaC/LW000-2201216:190:0000:00056% 910
Jack HughesC/LW0000000019:500:4200:50053% 1902
Jan RuttaD0001011019:580:0000:5200% 001
Jesperi KotkaniemiC/LW0111004015:190:0000:43029% 1410
Jon MerrillD000-1002017:010:0000:2600% 000
Jonathan MarchessaultC/LW/RW1231005018:011:3200:0000% 131
Jordan KyrouC/RW101-2012118:021:3220:0000% 211
Kirill KaprizovLW/RW0000053018:550:4200:210100% 200
Kris LetangD0112042225:140:4101:2100% 001
Luke EvangelistaRW1121017014:560:0000:000100% 100
Marcus PetterssonD000-2043322:131:3301:1900% 000
Matias MaccelliC/LW/RW011-2011117:241:3200:5600% 300
Nick BlankenburgD000-1012117:241:3300:0000% 000
Peyton KrebsC/LW000002209:420:0000:0000% 300

Golden Knights

5 vs 5 Forward
Line #Left WingCenterRight WingPHYDFOFWanted %Time %Time Play
1Matthew BoldyEvgeni MalkinBrock Boeser0233631%17:19
2Blake ColemanNic DowdOndrej Palat0233431%17:32
3Tyler JohnsonDerek StepanPhil Kessel0321720%11:24
4Mackenzie MacEachernJake EvansJoel Kiviranta0321317%9:32
5 vs 5 Defense
Line #DefenseDefensePHYDFOFWanted %Time %Time Play
1Nick LeddyRyan Pulock0233738%21:27
2Jaycob MegnaJohnathan Kovacevic0233330%16:35
3Adam BoqvistJacob Bryson0321722%12:12
4Gustav LindstromJaycob Megna0321310%5:33
Power Play Forward
Line #Left WingCenterRight WingPHYDFOFWanted %Time %Time Play
1Matthew BoldyEvgeni MalkinBrock Boeser0235561%1:13
2Blake ColemanNic DowdOndrej Palat0234539%0:46
Power Play Defense
Line #DefenseDefensePHYDFOFWanted %Time %Time Play
1Nick LeddyRyan Pulock0235569%1:22
2Jaycob MegnaJohnathan Kovacevic0234531%0:37
Penalty Kill 4 Players Forward
Line #CenterWingPHYDFOFWanted %Time %Time Play
1Jake EvansBrock Boeser0325676%1:42
2Matthew BoldyTyler Johnson0324424%0:32
Penalty Kill 4 Players Defense
Line #DefenseDefensePHYDFOFWanted %Time %Time Play
1Nick LeddyRyan Pulock0325543%0:58
2Jaycob MegnaJohnathan Kovacevic0324557%1:16
Penalty Kill 3 Players
Line #WingPHYDFOFWanted %Time %Time PlayDefenseDefensePHYDFOFWanted %Time %Time Play
1Jake Evans122550%0:00 Gustav LindstromJohnathan Kovacevic122550%0:00
2Nic Dowd122450%0:00 Jaycob MegnaJohnathan Kovacevic122450%0:00
4 vs 4 Forward
Line #CenterWingPHYDFOFWanted %Time %Time Play
1Evgeni MalkinBrock Boeser022550%0:00
2Matthew BoldyTyler Johnson122450%0:00
4 vs 4 Defense
Line #DefensePHYDFOFWanted %Time %Time Play
1Nick LeddyRyan Pulock023550%0:00
2Jaycob MegnaJohnathan Kovacevic032450%0:00
Last Minutes Offensive
Left WingCenterRight WingDefenseDefense
Matthew BoldyEvgeni MalkinBrock BoeserAdam BoqvistRyan Pulock
Last Minutes Defensive
Left WingCenterRight WingDefenseDefense
Matthew BoldyEvgeni MalkinBrock BoeserJohnathan KovacevicJaycob Megna
Time
Total ForwardTotal DefenseLast Minutes OffensiveLast Minutes Defensive
60:00 60:00 0:000:00
Extra Forwards
Normal PowerPlayPenalty Kill
Joel Kiviranta, Nic Dowd, Phil KesselOndrej Palat, Nic DowdPhil Kessel
Extra Defensemen
Normal PowerPlayPenalty Kill
Ryan Pulock, Jacob Bryson, Adam BoqvistAdam Boqvist, Jacob BrysonGustav Lindstrom
Penalty Shots
Evgeni Malkin, Brock Boeser, Matthew Boldy, Tyler Johnson, Blake Coleman
Goalie
Lukas Dostal, Connor Hellebuyck
Custom OT Lines Forwards
Evgeni Malkin, Brock Boeser, Matthew Boldy, Tyler Johnson, Blake Coleman, Nic Dowd, Ondrej Palat, Phil Kessel, Jake Evans, Derek Stepan
Custom OT Lines Defensemen
Adam Boqvist, Ryan Pulock, Jaycob Megna, Johnathan Kovacevic, Gustav Lindstrom
Scratches
None

Kraken

5 vs 5 Forward
Line #Left WingCenterRight WingPHYDFOFWanted %Time %Time Play
1Kirill KaprizovJack HughesCole Caufield0143229%16:13
2Matias MaccelliErik HaulaJordan Kyrou0142927%14:56
3Luke EvangelistaJesperi KotkaniemiJonathan Marchessault0142927%14:56
4Danton HeinenPeyton KrebsConor Sheary0231017%9:42
5 vs 5 Defense
Line #DefenseDefensePHYDFOFWanted %Time %Time Play
1Kris LetangJan Rutta0233534%19:06
2Marcus PetterssonBrandon Montour0233532%18:02
3Nick BlankenburgJon Merrill1222728%15:51
4Kris LetangBrandon Montour12235%2:48
Power Play Forward
Line #Left WingCenterRight WingPHYDFOFWanted %Time %Time Play
1Kirill KaprizovJack HughesCole Caufield0055331%0:42
2Matias MaccelliJonathan MarchessaultJordan Kyrou0054769%1:32
Power Play Defense
Line #DefenseDefensePHYDFOFWanted %Time %Time Play
1Kris LetangBrandon Montour0235331%0:41
2Marcus PetterssonNick Blankenburg0234769%1:33
Penalty Kill 4 Players Forward
Line #CenterWingPHYDFOFWanted %Time %Time Play
1Erik HaulaConor Sheary12260100%1:59
2Jesperi KotkaniemiPeyton Krebs122400%0:00
Penalty Kill 4 Players Defense
Line #DefenseDefensePHYDFOFWanted %Time %Time Play
1Kris LetangMarcus Pettersson1226071%1:24
2Marcus PetterssonJan Rutta1224029%0:35
Penalty Kill 3 Players
Line #WingPHYDFOFWanted %Time %Time PlayDefenseDefensePHYDFOFWanted %Time %Time Play
1Erik Haula122600%0:00 Marcus PetterssonJan Rutta122600%0:00
2Jesperi Kotkaniemi122400%0:00 Kris LetangNick Blankenburg122400%0:00
4 vs 4 Forward
Line #CenterWingPHYDFOFWanted %Time %Time Play
1Jack HughesKirill Kaprizov014500%0:00
2Jordan KyrouJonathan Marchessault014500%0:00
4 vs 4 Defense
Line #DefensePHYDFOFWanted %Time %Time Play
1Kris LetangBrandon Montour023500%0:00
2Marcus PetterssonNick Blankenburg023500%0:00
Last Minutes Offensive
Left WingCenterRight WingDefenseDefense
Kirill KaprizovJack HughesJordan KyrouKris LetangBrandon Montour
Last Minutes Defensive
Left WingCenterRight WingDefenseDefense
Kirill KaprizovJack HughesJordan KyrouKris LetangBrandon Montour
Time
Total ForwardTotal DefenseLast Minutes OffensiveLast Minutes Defensive
60:00 60:00 0:000:00
Extra Forwards
Normal PowerPlayPenalty Kill
Conor Sheary, Jesperi Kotkaniemi, Matias MaccelliConor Sheary, Jesperi KotkaniemiMatias Maccelli
Extra Defensemen
Normal PowerPlayPenalty Kill
Nick Blankenburg, Jon Merrill, Marcus PetterssonNick Blankenburg, Jon MerrillMarcus Pettersson
Penalty Shots
Kirill Kaprizov, Jack Hughes, Jordan Kyrou, Jonathan Marchessault, Erik Haula
Goalie
Laurent Brossoit, Igor Shesterkin
Custom OT Lines Forwards
Kirill Kaprizov, Jack Hughes, Jordan Kyrou, Jonathan Marchessault, Erik Haula, Cole Caufield, Conor Sheary, Jesperi Kotkaniemi, Matias Maccelli, Luke Evangelista
Custom OT Lines Defensemen
Kris Letang, Brandon Montour, Marcus Pettersson, Jan Rutta, Nick Blankenburg
Scratches
Lias Andersson (Healthy), Tanner Pearson (Healthy)


Play-by-Play

1st period


0:01 of 1st period - Jack Hughes wins face-off versus Evgeni Malkin in neutral zone.
0:26 of 1st period - Kris Letang is hit by Derek Stepan and loses puck.
0:32 of 1st period - Off-side.
0:33 of 1st period - Derek Stepan wins face-off versus Erik Haula in neutral zone.
0:42 of 1st period - Wrist shot by Jordan Kyrou.
0:42 of 1st period - Shot Blocked by Johnathan Kovacevic.
0:51 of 1st period - Icing by Derek Stepan.
0:52 of 1st period - Jesperi Kotkaniemi wins face-off versus Derek Stepan in Golden Knights zone.
1:11 of 1st period - Snap shot by Tyler Johnson.
1:11 of 1st period - Stopped by Laurent Brossoit without a rebound.
1:12 of 1st period - Nic Dowd wins face-off versus Peyton Krebs in Kraken zone.
1:25 of 1st period - Snap shot by Ondrej Palat.
1:25 of 1st period - Shot Misses the Net.
1:27 of 1st period - Snap shot by Ondrej Palat.
1:27 of 1st period - Shot Misses the Net.
2:25 of 1st period - Wrist shot by Cole Caufield.
2:25 of 1st period - Goal by Cole Caufield - Golden Knights : 0 - Kraken : 1.
2:26 of 1st period - Nic Dowd wins face-off versus Cole Caufield in neutral zone.
2:37 of 1st period - Wrist shot by Ondrej Palat.
2:37 of 1st period - Deflect By Blake Coleman.
2:37 of 1st period - Stopped by Laurent Brossoit with a rebound.
2:39 of 1st period - Slapshot by Nic Dowd.
2:39 of 1st period - Shot Misses the Net.
2:41 of 1st period - Slapshot by Ryan Pulock.
2:41 of 1st period - Stopped by Laurent Brossoit without a rebound.
2:42 of 1st period - Evgeni Malkin wins face-off versus Jesperi Kotkaniemi in Kraken zone.
2:53 of 1st period - Snap shot by Evgeni Malkin.
2:53 of 1st period - Deflect By Matthew Boldy.
2:53 of 1st period - Shot Misses the Net.
2:53 of 1st period - Puck is out of play.
2:54 of 1st period - Erik Haula wins face-off versus Nic Dowd in Kraken zone.
2:54 of 1st period - Erik Haula is hit by Ondrej Palat.
3:06 of 1st period - Wrist shot by Jordan Kyrou.
3:06 of 1st period - Shot Blocked by Ondrej Palat.
3:24 of 1st period - Snap shot by Joel Kiviranta.
3:24 of 1st period - Shot Misses the Net.
3:42 of 1st period - Brock Boeser is hit by Kirill Kaprizov and loses puck.
3:49 of 1st period - Snap shot by Kirill Kaprizov.
3:49 of 1st period - Shot Misses the Net.
3:53 of 1st period - Slapshot by Kirill Kaprizov.
3:53 of 1st period - Shot Blocked by Brock Boeser.
4:13 of 1st period - Snap shot by Phil Kessel.
4:13 of 1st period - Stopped by Laurent Brossoit with a rebound.
4:23 of 1st period - Nic Dowd is hit by Marcus Pettersson and loses puck.
4:29 of 1st period - Off-side.
4:30 of 1st period - Brock Boeser wins face-off versus Peyton Krebs in neutral zone.
4:39 of 1st period - Slapshot by Evgeni Malkin.
4:39 of 1st period - Shot Blocked by Nick Blankenburg.
6:00 of 1st period - Derek Stepan is hit by Marcus Pettersson and loses puck.
6:09 of 1st period - Marcus Pettersson is hit by Nick Leddy.
6:22 of 1st period - Slapshot by Ryan Pulock.
6:22 of 1st period - Shot Misses the Net.
6:32 of 1st period - Slapshot by Tyler Johnson.
6:32 of 1st period - Stopped by Laurent Brossoit with a rebound.
6:34 of 1st period - Snap shot by Jaycob Megna.
6:34 of 1st period - Goal by Jaycob Megna - Golden Knights : 1 - Kraken : 1.
6:35 of 1st period - Evgeni Malkin wins face-off versus Jonathan Marchessault in neutral zone.
7:24 of 1st period - Backhand shot by Cole Caufield.
7:24 of 1st period - Shot Misses the Net.
7:26 of 1st period - Wrist shot by Erik Haula.
7:26 of 1st period - Stopped by Lukas Dostal without a rebound.
7:27 of 1st period - Erik Haula wins face-off versus Jake Evans in Golden Knights zone.
7:28 of 1st period - Wrist shot by Jordan Kyrou.
7:28 of 1st period - Shot Misses the Net.
7:30 of 1st period - Backhand shot by Marcus Pettersson.
7:30 of 1st period - Shot Misses the Net.
7:32 of 1st period - Slapshot by Erik Haula.
7:32 of 1st period - Shot Blocked by Ryan Pulock.
7:34 of 1st period - Snap shot by Jordan Kyrou.
7:34 of 1st period - Shot Blocked by Ryan Pulock.
7:36 of 1st period - Snap shot by Erik Haula.
7:36 of 1st period - Shot Misses the Net.
7:38 of 1st period - Snap shot by Brandon Montour.
7:38 of 1st period - Deflect By Joel Kiviranta.
7:38 of 1st period - Stopped by Lukas Dostal with a rebound.
7:40 of 1st period - Slapshot by Brandon Montour.
7:40 of 1st period - Shot Misses the Net.
8:02 of 1st period - Slapshot by Matthew Boldy.
8:02 of 1st period - Stopped by Laurent Brossoit without a rebound.
8:03 of 1st period - Jack Hughes wins face-off versus Nic Dowd in Kraken zone.
8:41 of 1st period - Snap shot by Matias Maccelli.
8:41 of 1st period - Stopped by Lukas Dostal with a rebound.
10:01 of 1st period - Snap shot by Erik Haula.
10:01 of 1st period - Shot Misses the Net.
10:17 of 1st period - Nick Blankenburg is hit by Ryan Pulock.
11:52 of 1st period - Ondrej Palat is hit by Jan Rutta and loses puck.
11:57 of 1st period - Wrist shot by Luke Evangelista.
11:57 of 1st period - Stopped by Lukas Dostal with a rebound.
11:59 of 1st period - Slapshot by Luke Evangelista.
11:59 of 1st period - Shot Misses the Net.
12:01 of 1st period - Snap shot by Jonathan Marchessault.
12:01 of 1st period - Stopped by Lukas Dostal with a rebound.
12:03 of 1st period - Snap shot by Jonathan Marchessault.
12:03 of 1st period - Goal by Jonathan Marchessault - Golden Knights : 1 - Kraken : 2.
12:04 of 1st period - Nic Dowd wins face-off versus Jack Hughes in neutral zone.
12:07 of 1st period - Kirill Kaprizov is hit by Ondrej Palat and loses puck.
12:16 of 1st period - Nic Dowd is hit by Kirill Kaprizov and loses puck.
12:28 of 1st period - Icing by Ondrej Palat.
12:29 of 1st period - Evgeni Malkin wins face-off versus Jordan Kyrou in Golden Knights zone.
12:38 of 1st period - Slapshot by Matthew Boldy.
12:38 of 1st period - Stopped by Laurent Brossoit without a rebound.
12:39 of 1st period - Luke Evangelista wins face-off versus Nic Dowd in Kraken zone.
13:13 of 1st period - Snap shot by Jordan Kyrou.
13:13 of 1st period - Shot Misses the Net.
13:48 of 1st period - Wrist shot by Conor Sheary.
13:48 of 1st period - Stopped by Lukas Dostal with a rebound.
13:50 of 1st period - Snap shot by Conor Sheary.
13:50 of 1st period - Shot Misses the Net.
14:04 of 1st period - Ryan Pulock is hit by Nick Blankenburg and loses puck.
14:13 of 1st period - Wrist shot by Phil Kessel.
14:13 of 1st period - Shot Misses the Net.
14:25 of 1st period - Backhand shot by Phil Kessel.
14:25 of 1st period - Stopped by Laurent Brossoit with a rebound.
14:27 of 1st period - Slapshot by Ryan Pulock.
14:27 of 1st period - Shot Blocked by Erik Haula.
14:29 of 1st period - Slapshot by Nick Leddy.
14:29 of 1st period - Stopped by Laurent Brossoit with a rebound.
14:31 of 1st period - Slapshot by Ryan Pulock.
14:31 of 1st period - Shot Blocked by Matias Maccelli.
14:33 of 1st period - Snap shot by Ryan Pulock.
14:33 of 1st period - Shot Blocked by Erik Haula.
14:35 of 1st period - Slapshot by Ryan Pulock.
14:35 of 1st period - Shot Misses the Net.
14:55 of 1st period - Wrist shot by Phil Kessel.
14:55 of 1st period - Stopped by Laurent Brossoit with a rebound.
14:59 of 1st period - Snap shot by Phil Kessel.
14:59 of 1st period - Deflect By Matias Maccelli.
14:59 of 1st period - Goal by Phil Kessel - Golden Knights : 2 - Kraken : 2.
15:00 of 1st period - Nic Dowd wins face-off versus Jesperi Kotkaniemi in neutral zone.
15:03 of 1st period - Jonathan Marchessault is hit by Jaycob Megna and loses puck.
15:36 of 1st period - Wrist shot by Matthew Boldy.
15:36 of 1st period - Stopped by Laurent Brossoit with a rebound.
15:38 of 1st period - Slapshot by Evgeni Malkin.
15:38 of 1st period - Stopped by Laurent Brossoit with a rebound.
15:40 of 1st period - Slapshot by Jaycob Megna.
15:40 of 1st period - Stopped by Laurent Brossoit without a rebound.
15:41 of 1st period - Erik Haula wins face-off versus Jake Evans in Kraken zone.
15:56 of 1st period - Snap shot by Jordan Kyrou.
15:56 of 1st period - Shot Misses the Net.
17:06 of 1st period - Nick Blankenburg is hit by Jaycob Megna and loses puck.
17:27 of 1st period - Snap shot by Luke Evangelista.
17:27 of 1st period - Stopped by Lukas Dostal with a rebound.
17:29 of 1st period - Snap shot by Jonathan Marchessault.
17:29 of 1st period - Shot Blocked by Jacob Bryson.
17:31 of 1st period - Slapshot by Nick Blankenburg.
17:31 of 1st period - Stopped by Lukas Dostal without a rebound.
17:32 of 1st period - Jesperi Kotkaniemi wins face-off versus Nic Dowd in Golden Knights zone.
17:33 of 1st period - Snap shot by Jonathan Marchessault.
17:33 of 1st period - Shot Hit the Post.
17:35 of 1st period - Snap shot by Brandon Montour.
17:35 of 1st period - Stopped by Lukas Dostal without a rebound.
17:36 of 1st period - Nic Dowd wins face-off versus Jack Hughes in Golden Knights zone.
18:03 of 1st period - Slapshot by Luke Evangelista.
18:03 of 1st period - Shot Misses the Net.
18:05 of 1st period - Snap shot by Marcus Pettersson.
18:05 of 1st period - Stopped by Lukas Dostal with a rebound.
18:07 of 1st period - Slapshot by Brandon Montour.
18:07 of 1st period - Stopped by Lukas Dostal with a rebound.
18:11 of 1st period - Snap shot by Luke Evangelista.
18:11 of 1st period - Shot Misses the Net.
18:13 of 1st period - Snap shot by Jonathan Marchessault.
18:13 of 1st period - Deflect By Jesperi Kotkaniemi.
18:13 of 1st period - Stopped by Lukas Dostal with a rebound.
18:43 of 1st period - Johnathan Kovacevic is hit by Kris Letang and loses puck.
19:08 of 1st period - Snap shot by Nic Dowd.
19:08 of 1st period - Shot Misses the Net.
19:36 of 1st period - Snap shot by Jonathan Marchessault.
19:36 of 1st period - Deflect By Luke Evangelista.
19:36 of 1st period - Stopped by Lukas Dostal without a rebound.
19:37 of 1st period - Matthew Boldy wins face-off versus Matias Maccelli in Golden Knights zone.
Goals for this period are 2 for Golden Knights vs 2 for Kraken.
Shots for this period are 15 for Golden Knights vs 15 for Kraken.

2nd period


0:01 of 2nd period - Nic Dowd wins face-off versus Jesperi Kotkaniemi in neutral zone.
0:13 of 2nd period - Wrist shot by Jesperi Kotkaniemi.
0:13 of 2nd period - Stopped by Lukas Dostal with a rebound.
0:25 of 2nd period - Evgeni Malkin is hit by Cole Caufield and loses puck.
0:50 of 2nd period - Wrist shot by Tyler Johnson.
0:50 of 2nd period - Shot Misses the Net.
0:56 of 2nd period - Ryan Pulock is hit by Kris Letang and loses puck.
2:24 of 2nd period - Off-side.
2:25 of 2nd period - Nic Dowd wins face-off versus Jesperi Kotkaniemi in neutral zone.
2:32 of 2nd period - Wrist shot by Blake Coleman.
2:32 of 2nd period - Shot Blocked by Brandon Montour.
2:34 of 2nd period - Snap shot by Ondrej Palat.
2:34 of 2nd period - Shot Blocked by Brandon Montour.
2:36 of 2nd period - Wrist shot by Jaycob Megna.
2:36 of 2nd period - Shot Misses the Net.
2:38 of 2nd period - Snap shot by Nic Dowd.
2:38 of 2nd period - Shot Misses the Net.
2:40 of 2nd period - Wrist shot by Nic Dowd.
2:40 of 2nd period - Stopped by Laurent Brossoit with a rebound.
2:50 of 2nd period - Jordan Kyrou is hit by Johnathan Kovacevic.
3:35 of 2nd period - Jesperi Kotkaniemi is hit by Nic Dowd.
4:19 of 2nd period - Snap shot by Jesperi Kotkaniemi.
4:19 of 2nd period - Stopped by Lukas Dostal with a rebound.
5:01 of 2nd period - Danton Heinen is hit by Nick Leddy and loses puck.
6:07 of 2nd period - Icing by Brock Boeser.
6:08 of 2nd period - Jack Hughes wins face-off versus Evgeni Malkin in Golden Knights zone.
6:44 of 2nd period - Off-side.
6:45 of 2nd period - Nic Dowd wins face-off versus Peyton Krebs in neutral zone.
7:09 of 2nd period - Evgeni Malkin is hit by Peyton Krebs.
7:21 of 2nd period - Nick Leddy is hit by Peyton Krebs and loses puck.
7:26 of 2nd period - Wrist shot by Conor Sheary.
7:26 of 2nd period - Stopped by Lukas Dostal with a rebound.
7:28 of 2nd period - Slapshot by Marcus Pettersson.
7:28 of 2nd period - Shot Blocked by Nick Leddy.
7:34 of 2nd period - Wrist shot by Peyton Krebs.
7:34 of 2nd period - Stopped by Lukas Dostal with a rebound.
7:36 of 2nd period - Snap shot by Conor Sheary.
7:36 of 2nd period - Shot Hit the Post.
7:38 of 2nd period - Snap shot by Conor Sheary.
7:38 of 2nd period - Shot Blocked by Matthew Boldy.
7:40 of 2nd period - Wrist shot by Peyton Krebs.
7:40 of 2nd period - Stopped by Lukas Dostal with a rebound.
7:48 of 2nd period - Wrist shot by Conor Sheary.
7:48 of 2nd period - Shot Blocked by Matthew Boldy.
7:50 of 2nd period - Slapshot by Brandon Montour.
7:50 of 2nd period - Stopped by Lukas Dostal with a rebound.
7:52 of 2nd period - Slapshot by Conor Sheary.
7:52 of 2nd period - Stopped by Lukas Dostal with a rebound.
8:08 of 2nd period - Snap shot by Brock Boeser.
8:08 of 2nd period - Stopped by Laurent Brossoit without a rebound.
8:09 of 2nd period - Jesperi Kotkaniemi wins face-off versus Nic Dowd in Kraken zone.
8:16 of 2nd period - Slapshot by Kris Letang.
8:16 of 2nd period - Stopped by Lukas Dostal without a rebound.
8:17 of 2nd period - Nic Dowd wins face-off versus Jesperi Kotkaniemi in Golden Knights zone.
8:41 of 2nd period - Snap shot by Jonathan Marchessault.
8:41 of 2nd period - Shot Blocked by Johnathan Kovacevic.
8:57 of 2nd period - Wrist shot by Jonathan Marchessault.
8:57 of 2nd period - Stopped by Lukas Dostal with a rebound.
9:29 of 2nd period - Snap shot by Luke Evangelista.
9:29 of 2nd period - Stopped by Lukas Dostal with a rebound.
9:31 of 2nd period - Wrist shot by Jesperi Kotkaniemi.
9:31 of 2nd period - Stopped by Lukas Dostal with a rebound.
9:33 of 2nd period - Slapshot by Jan Rutta.
9:33 of 2nd period - Stopped by Lukas Dostal without a rebound.
9:34 of 2nd period - Evgeni Malkin wins face-off versus Jack Hughes in Golden Knights zone.
9:34 of 2nd period - Evgeni Malkin is hit by Kirill Kaprizov.
9:50 of 2nd period - Backhand shot by Matthew Boldy.
9:50 of 2nd period - Shot Blocked by Marcus Pettersson.
10:00 of 2nd period - Nick Leddy is hit by Brandon Montour and loses puck.
10:35 of 2nd period - Snap shot by Tyler Johnson.
10:35 of 2nd period - Stopped by Laurent Brossoit without a rebound.
10:36 of 2nd period - Jack Hughes wins face-off versus Evgeni Malkin in Kraken zone.
10:48 of 2nd period - Snap shot by Evgeni Malkin.
10:48 of 2nd period - Deflect By Brock Boeser.
10:48 of 2nd period - Stopped by Laurent Brossoit without a rebound.
10:49 of 2nd period - Evgeni Malkin wins face-off versus Erik Haula in Kraken zone.
10:58 of 2nd period - Wrist shot by Evgeni Malkin.
10:58 of 2nd period - Deflect By Matthew Boldy.
10:58 of 2nd period - Shot Misses the Net.
10:58 of 2nd period - Puck is out of play.
10:59 of 2nd period - Erik Haula wins face-off versus Evgeni Malkin in Kraken zone.
11:20 of 2nd period - Marcus Pettersson is hit by Evgeni Malkin and loses puck.
11:33 of 2nd period - Snap shot by Brock Boeser.
11:33 of 2nd period - Shot Blocked by Marcus Pettersson.
11:35 of 2nd period - Snap shot by Brock Boeser.
11:35 of 2nd period - Goal by Brock Boeser - Golden Knights : 3 - Kraken : 2.
11:36 of 2nd period - Ondrej Palat wins face-off versus Jack Hughes in neutral zone.
12:31 of 2nd period - Snap shot by Nick Blankenburg.
12:31 of 2nd period - Stopped by Lukas Dostal with a rebound.
12:33 of 2nd period - Slapshot by Jon Merrill.
12:33 of 2nd period - Stopped by Lukas Dostal with a rebound.
12:56 of 2nd period - Backhand shot by Brock Boeser.
12:56 of 2nd period - Shot Misses the Net.
13:18 of 2nd period - Wrist shot by Joel Kiviranta.
13:18 of 2nd period - Deflect By Jonathan Marchessault.
13:18 of 2nd period - Goal by Joel Kiviranta - Golden Knights : 4 - Kraken : 2.
13:19 of 2nd period - Jack Hughes wins face-off versus Brock Boeser in neutral zone.
13:46 of 2nd period - Off-side.
13:47 of 2nd period - Erik Haula wins face-off versus Derek Stepan in neutral zone.
13:57 of 2nd period - Minor Penalty to Erik Haula for Interference.
13:58 of 2nd period - Evgeni Malkin wins face-off versus Matias Maccelli in Kraken zone.
13:58 of 2nd period - Wrist shot by Matthew Boldy.
13:58 of 2nd period - Shot Misses the Net.
14:00 of 2nd period - Slapshot by Nick Leddy.
14:00 of 2nd period - Shot Blocked by Kris Letang.
14:06 of 2nd period - Wrist shot by Brock Boeser.
14:06 of 2nd period - Shot Misses the Net.
14:08 of 2nd period - Slapshot by Nick Leddy.
14:08 of 2nd period - Shot Blocked by Marcus Pettersson.
14:10 of 2nd period - Snap shot by Matthew Boldy.
14:10 of 2nd period - Stopped by Laurent Brossoit without a rebound.
14:11 of 2nd period - Evgeni Malkin wins face-off versus Matias Maccelli in Kraken zone.
14:14 of 2nd period - Snap shot by Evgeni Malkin.
14:14 of 2nd period - Shot Blocked by Kris Letang.
15:02 of 2nd period - Jan Rutta is hit by Jaycob Megna and loses puck.
15:57 of 2nd period - Penalty to Erik Haula is over, Erik Haula is back on ice.
16:11 of 2nd period - Slapshot by Phil Kessel.
16:11 of 2nd period - Stopped by Laurent Brossoit with a rebound.
16:47 of 2nd period - Marcus Pettersson is hit by Tyler Johnson and loses puck.
17:03 of 2nd period - Mackenzie MacEachern is hit by Marcus Pettersson and loses puck.
17:23 of 2nd period - Brock Boeser is hit by Matias Maccelli and loses puck.
18:21 of 2nd period - Ryan Pulock is hit by Kris Letang.
18:31 of 2nd period - Snap shot by Jake Evans.
18:31 of 2nd period - Stopped by Laurent Brossoit without a rebound.
18:32 of 2nd period - Jake Evans wins face-off versus Jack Hughes in Kraken zone.
18:55 of 2nd period - Snap shot by Jordan Kyrou.
18:55 of 2nd period - Shot Blocked by Nick Leddy.
18:57 of 2nd period - Slapshot by Kris Letang.
18:57 of 2nd period - Stopped by Lukas Dostal without a rebound.
18:58 of 2nd period - Evgeni Malkin wins face-off versus Jesperi Kotkaniemi in Golden Knights zone.
19:07 of 2nd period - Snap shot by Jesperi Kotkaniemi.
19:07 of 2nd period - Deflect By Luke Evangelista.
19:07 of 2nd period - Shot Blocked by Jaycob Megna.
19:07 of 2nd period - Puck is out of play.
19:08 of 2nd period - Jesperi Kotkaniemi wins face-off versus Nic Dowd in Golden Knights zone.
19:31 of 2nd period - Slapshot by Marcus Pettersson.
19:31 of 2nd period - Stopped by Lukas Dostal without a rebound.
19:32 of 2nd period - Evgeni Malkin wins face-off versus Jack Hughes in Golden Knights zone.
19:32 of 2nd period - Evgeni Malkin is hit by Kirill Kaprizov.
Goals for this period are 2 for Golden Knights vs 0 for Kraken.
Shots for this period are 9 for Golden Knights vs 16 for Kraken.

3rd period


0:01 of 3rd period - Jack Hughes wins face-off versus Nic Dowd in neutral zone.
0:12 of 3rd period - Snap shot by Ondrej Palat.
0:12 of 3rd period - Stopped by Laurent Brossoit with a rebound.
2:23 of 3rd period - Slapshot by Matthew Boldy.
2:23 of 3rd period - Stopped by Laurent Brossoit with a rebound.
2:29 of 3rd period - Jacob Bryson is hit by Luke Evangelista and loses puck.
4:18 of 3rd period - Wrist shot by Jonathan Marchessault.
4:18 of 3rd period - Stopped by Lukas Dostal with a rebound.
4:22 of 3rd period - Snap shot by Luke Evangelista.
4:22 of 3rd period - Stopped by Lukas Dostal without a rebound.
4:23 of 3rd period - Nic Dowd wins face-off versus Jesperi Kotkaniemi in Golden Knights zone.
4:30 of 3rd period - Snap shot by Blake Coleman.
4:30 of 3rd period - Stopped by Laurent Brossoit with a rebound.
4:32 of 3rd period - Slapshot by Johnathan Kovacevic.
4:32 of 3rd period - Stopped by Laurent Brossoit with a rebound.
4:48 of 3rd period - Evgeni Malkin is hit by Kirill Kaprizov and loses puck.
4:55 of 3rd period - Wrist shot by Kirill Kaprizov.
4:55 of 3rd period - Stopped by Lukas Dostal with a rebound.
7:25 of 3rd period - Wrist shot by Kirill Kaprizov.
7:25 of 3rd period - Stopped by Lukas Dostal without a rebound.
7:26 of 3rd period - Kirill Kaprizov wins face-off versus Evgeni Malkin in Golden Knights zone.
7:53 of 3rd period - Wrist shot by Kirill Kaprizov.
7:53 of 3rd period - Stopped by Lukas Dostal with a rebound.
8:13 of 3rd period - Snap shot by Brock Boeser.
8:13 of 3rd period - Stopped by Laurent Brossoit without a rebound.
8:14 of 3rd period - Nic Dowd wins face-off versus Jordan Kyrou in Kraken zone.
8:17 of 3rd period - Slapshot by Nic Dowd.
8:17 of 3rd period - Shot Blocked by Brandon Montour.
8:19 of 3rd period - Wrist shot by Johnathan Kovacevic.
8:19 of 3rd period - Deflect By Blake Coleman.
8:19 of 3rd period - Stopped by Laurent Brossoit without a rebound.
8:20 of 3rd period - Nic Dowd wins face-off versus Erik Haula in Kraken zone.
8:29 of 3rd period - Snap shot by Blake Coleman.
8:29 of 3rd period - Stopped by Laurent Brossoit without a rebound.
8:30 of 3rd period - Nic Dowd wins face-off versus Jack Hughes in Kraken zone.
8:33 of 3rd period - Wrist shot by Ondrej Palat.
8:33 of 3rd period - Stopped by Laurent Brossoit without a rebound.
8:34 of 3rd period - Nic Dowd wins face-off versus Jack Hughes in Kraken zone.
8:37 of 3rd period - Wrist shot by Nic Dowd.
8:37 of 3rd period - Stopped by Laurent Brossoit with a rebound.
8:39 of 3rd period - Slapshot by Blake Coleman.
8:39 of 3rd period - Stopped by Laurent Brossoit with a rebound.
8:41 of 3rd period - Slapshot by Johnathan Kovacevic.
8:41 of 3rd period - Stopped by Laurent Brossoit without a rebound.
8:42 of 3rd period - Nic Dowd wins face-off versus Jack Hughes in Kraken zone.
9:09 of 3rd period - Jan Rutta is hit by Johnathan Kovacevic and loses puck.
10:14 of 3rd period - Wrist shot by Kirill Kaprizov.
10:14 of 3rd period - Shot Blocked by Jacob Bryson.
10:16 of 3rd period - Wrist shot by Jack Hughes.
10:16 of 3rd period - Deflect By Blake Coleman.
10:16 of 3rd period - Shot Misses the Net.
10:16 of 3rd period - Puck is out of play.
10:17 of 3rd period - Jack Hughes wins face-off versus Nic Dowd in Golden Knights zone.
10:18 of 3rd period - Wrist shot by Kirill Kaprizov.
10:18 of 3rd period - Shot Blocked by Johnathan Kovacevic.
10:20 of 3rd period - Snap shot by Brandon Montour.
10:20 of 3rd period - Stopped by Lukas Dostal with a rebound.
10:22 of 3rd period - Slapshot by Marcus Pettersson.
10:22 of 3rd period - Stopped by Lukas Dostal with a rebound.
10:46 of 3rd period - Icing by Johnathan Kovacevic.
10:47 of 3rd period - Evgeni Malkin wins face-off versus Jesperi Kotkaniemi in Golden Knights zone.
10:54 of 3rd period - Wrist shot by Luke Evangelista.
10:54 of 3rd period - Stopped by Lukas Dostal without a rebound.
10:55 of 3rd period - Nic Dowd wins face-off versus Erik Haula in Golden Knights zone.
10:57 of 3rd period - Double Minor Penalty to Johnathan Kovacevic for Roughing.
10:58 of 3rd period - Jack Hughes wins face-off versus Jake Evans in Golden Knights zone.
11:10 of 3rd period - Snap shot by Jack Hughes.
11:10 of 3rd period - Shot Blocked by Nick Leddy.
11:12 of 3rd period - Wrist shot by Kirill Kaprizov.
11:12 of 3rd period - Shot Misses the Net.
12:11 of 3rd period - Wrist shot by Ryan Pulock.
12:11 of 3rd period - Stopped by Laurent Brossoit with a rebound.
12:23 of 3rd period - Wrist shot by Phil Kessel.
12:23 of 3rd period - Shot Misses the Net.
12:29 of 3rd period - Marcus Pettersson is hit by Ryan Pulock and loses puck.
12:40 of 3rd period - Jordan Kyrou is hit by Ryan Pulock and loses puck.
13:07 of 3rd period - Slapshot by Jonathan Marchessault.
13:07 of 3rd period - Shot Misses the Net.
13:09 of 3rd period - Wrist shot by Jordan Kyrou.
13:09 of 3rd period - Stopped by Lukas Dostal with a rebound.
13:11 of 3rd period - Snap shot by Jordan Kyrou.
13:11 of 3rd period - Goal by Jordan Kyrou - Golden Knights : 4 - Kraken : 3.
13:12 of 3rd period - Kirill Kaprizov wins face-off versus Blake Coleman in neutral zone.
13:15 of 3rd period - Ondrej Palat is hit by Cole Caufield and loses puck.
13:43 of 3rd period - Slapshot by Brandon Montour.
13:43 of 3rd period - Deflect By Peyton Krebs.
13:43 of 3rd period - Shot Misses the Net.
13:43 of 3rd period - Puck is out of play.
13:44 of 3rd period - Jack Hughes wins face-off versus Derek Stepan in Golden Knights zone.
14:25 of 3rd period - Snap shot by Matthew Boldy.
14:25 of 3rd period - Stopped by Laurent Brossoit with a rebound.
14:56 of 3rd period - Snap shot by Jordan Kyrou.
14:56 of 3rd period - Shot Misses the Net.
14:58 of 3rd period - Slapshot by Jon Merrill.
14:58 of 3rd period - Stopped by Lukas Dostal with a rebound.
15:00 of 3rd period - Snap shot by Marcus Pettersson.
15:00 of 3rd period - Shot Blocked by Jake Evans.
15:02 of 3rd period - Slapshot by Brandon Montour.
15:02 of 3rd period - Shot Misses the Net.
15:04 of 3rd period - Snap shot by Erik Haula.
15:04 of 3rd period - Shot Misses the Net.
16:01 of 3rd period - Wrist shot by Jonathan Marchessault.
16:01 of 3rd period - Stopped by Lukas Dostal with a rebound.
16:03 of 3rd period - Snap shot by Jesperi Kotkaniemi.
16:03 of 3rd period - Deflect By Luke Evangelista.
16:03 of 3rd period - Goal by Luke Evangelista - Golden Knights : 4 - Kraken : 4.
16:04 of 3rd period - Evgeni Malkin wins face-off versus Jesperi Kotkaniemi in neutral zone.
18:01 of 3rd period - Jack Hughes is hit by Joel Kiviranta and loses puck.
18:28 of 3rd period - Wrist shot by Erik Haula.
18:28 of 3rd period - Shot Misses the Net.
18:32 of 3rd period - Snap shot by Jordan Kyrou.
18:32 of 3rd period - Deflect By Erik Haula.
18:32 of 3rd period - Shot Misses the Net.
18:32 of 3rd period - Puck is out of play.
18:33 of 3rd period - Evgeni Malkin wins face-off versus Jesperi Kotkaniemi in Golden Knights zone.
19:00 of 3rd period - Blake Coleman is hit by Jordan Kyrou and loses puck.
Goals for this period are 0 for Golden Knights vs 2 for Kraken.
Shots for this period are 13 for Golden Knights vs 13 for Kraken.

Overtime #1


0:01 of 1st overtime period - Jack Hughes wins face-off versus Evgeni Malkin in neutral zone.
1:41 of 1st overtime period - Slapshot by Brock Boeser.
1:41 of 1st overtime period - Shot Misses the Net.
1:43 of 1st overtime period - Snap shot by Brock Boeser.
1:43 of 1st overtime period - Shot Blocked by Jordan Kyrou.
1:53 of 1st overtime period - Snap shot by Tyler Johnson.
1:53 of 1st overtime period - Shot Misses the Net.
3:47 of 1st overtime period - Cole Caufield is hit by Adam Boqvist and loses puck.
4:15 of 1st overtime period - Blake Coleman is hit by Marcus Pettersson and loses puck.
4:36 of 1st overtime period - Matthew Boldy is hit by Kris Letang and loses puck.
Goals for this period are 0 for Golden Knights vs 0 for Kraken.
Shots for this period are 0 for Golden Knights vs 0 for Kraken.

ShootOut


5:00 of 1st overtime period - Round #1.
5:00 of 1st overtime period - Golden Knights, Evgeni Malkin.
5:00 of 1st overtime period - Backhand shot by Evgeni Malkin.
5:00 of 1st overtime period - Goal by Evgeni Malkin.
5:00 of 1st overtime period - Kraken, Kirill Kaprizov.
5:00 of 1st overtime period - Wrist shot by Kirill Kaprizov.
5:00 of 1st overtime period - Shot Misses the Net.
5:00 of 1st overtime period - Round #2.
5:00 of 1st overtime period - Golden Knights, Brock Boeser.
5:00 of 1st overtime period - Deke by Brock Boeser.
5:00 of 1st overtime period - Stopped by Laurent Brossoit.
5:00 of 1st overtime period - Kraken, Jack Hughes.
5:00 of 1st overtime period - Wrist shot by Jack Hughes.
5:00 of 1st overtime period - Stopped by Lukas Dostal.
5:00 of 1st overtime period - Round #3.
5:00 of 1st overtime period - Golden Knights, Matthew Boldy.
5:00 of 1st overtime period - Wrist shot by Matthew Boldy.
5:00 of 1st overtime period - Stopped by Laurent Brossoit.
5:00 of 1st overtime period - Kraken, Jordan Kyrou.
5:00 of 1st overtime period - Snap shot by Jordan Kyrou.
5:00 of 1st overtime period - Shot Misses the Net.